[Event "7° Rencontres Internationales des Echecs Francophones"]
[Site "PARIS, France"]
[Date "2019.08.10"]
[Round "6.9"]
[White "Leconte, Jean-Olivier"]
[Black "Sochacki, Christophe"]
[Result "1/2-1/2"]
[TimeControl "90'+30' + 30seconds/move"]
[WhiteElo "2267"]
[BlackElo "2443"]

1. e4 g6 2. d4 Nf6 3. e5 Nh5 4. Be2 d6 5. Nf3 Nc6 6.
exd6 Qxd6 7. O-O Bg7 8. c3 O-O 9. Nbd2 Bf5 10. Nc4 Qd8 11. h3 Nf6 12. Re1 Nd5 13. Bf1 h5 14. Bg5 Qd7 15.
Qd2 Kh7 16. Nce5 Nxe5 17. Nxe5 Qd6 18. c4 Nf6 19. Bf4 Qd8 20. Rad1 Ne4 21. Qc1 Qc8 22. g4 hxg4 23. hxg4 f6 24. gxf5 fxe5 25. fxg6+ Kxg6 26.
Rxe4 exf4 27. Rxf4 Kh7 28. Rh4+ Kg8 29. Qg5 Qf5 30. Qg3 Qf3 31. Qxf3 Rxf3 32. Bg2 Rf6 33. Bxb7 Rb8 34. Bg2 Rxb2 35. f4 Rg6 36. Rh2 Rxa2 37. Kh1 e6 38. f5 Rg4 39. fxe6 Rxd4 40. Rf1 Bf8 41. e7 Bxe7 42. Bd5+ Rxd5 43. cxd5 Rxh2+
44. Kxh2 a5 45. Kg2 a4 46. Rc1 Bd6 47. Kf3 a3 48. Rc2 Kf7 49. Ke4 Ke7 50. Kd4 Kd7 51. Kc4 Be5 52.
Rg2 Bb2 53. Kb3 Kd6 54. Rd2 Ke5 1/2-1/2

[Event "7° Rencontres Internationales des Echecs Francophones"]
[Site "PARIS, France"]
[Date "2019.08.10"]
[Round "6.7"]
[White "Delorme, Alban"]
[Black "Chabanon, Jean-Luc"]
[Result "0-1"]
[TimeControl "90'+30' + 30seconds/move"]
[WhiteElo "2227"]
[BlackElo "2448"]

1. d4 Nf6 2. Nf3 c5 3. e3 g6 4.
Be2 Bg7 5. O-O O-O 6. dxc5 Qa5 7. Qd4 Na6 8. Bxa6 Qxa6 9. Nbd2 b6 10. cxb6 axb6 11. Nc4 Bb7 12. Nxb6 Nd5 13. Qh4 Qxb6 14.
e4 Nb4 15. Bh6 Bxh6 16. Qxh6 f6 17. c3 Nd3 18. Qh4 d6 19. Rfd1 Nc5 20. Nd4 e5 21. Nb3 Nxe4 22. c4 g5 0-1

[Event "7° Rencontres Internationales des Echecs Francophones"]
[Site "PARIS, France"]
[Date "2019.08.10"]
[Round "6.4"]
[White "Flom, Gabriel"]
[Black "Sochacki, Wojtek"]
[Result "1-0"]
[TimeControl "90'+30' + 30seconds/move"]
[WhiteElo "2355"]
[BlackElo "2303"]

1. d4 Nf6 2. c4 c5 3. d5 b5 4. cxb5 a6 5. e3 axb5 6. Bxb5 Qa5+ 7. Nc3 Bb7 8. Bd2 Qb6 9. a4 Nxd5 10. Nxd5 Bxd5 11. Nf3 Bc6 12. Bxc6 Nxc6 13. Bc3 Qa6 14.
e4 d6 15. e5 Rd8 16. Qe2 Qxe2+ 17. Kxe2 d5 18. e6 fxe6 19.
Ne5 Nb8 20. a5 Na6 21. b4 cxb4 22. Bd4 Nc7 23. Bb6 g5 24. Bxc7 Rc8 25. a6 Bg7 26. a7 Ra8 27. Bb8 Rf8 28. Rhc1 Kd8 29. Ra6 Rf5 30. Nd3 Bc3 31.
Rb1 Kd7 32. Nxb4 Rf8 33. Nd3 Bd4 34. Rb7+ Kd8 35. Rxe6 Kc8 36. Rexe7 Kd8 37. Rbd7+ Kc8 38. Rf7 Re8+ 39. Rde7 Rg8 40. Rg7 Bxg7 41. Nc5 Bc3 42.
Rc7+ Kd8 43. Ne6+ Ke8 44. Rxc3 Ke7 45. Nc7 Raxb8 46. axb8=Q Rxb8 47. Nxd5+ Kf7 48. g4 Ke6 49. Ne3 Rb6 50. Rc5 Rb2+ 51. Kf3 Kf6 52.
Rc6+ Ke5 53. Rc7 h6 54. Rc6 Rb4 55. Kg2 h5 56. gxh5 Rh4 57. h6 g4 58. Rg6 Rh5 59. Rxg4 Rxh6 60. h4 Kf6 61. Rc4 Kf7 62. Rc7+ Kg8 63. Kg3 Rg6+ 64. Ng4 Kh8 65. f4 Rg8 66. f5 Rf8 67. Kf4 Ra8 68. Re7 Rf8 69. Ke5 Rg8 70.
Nf6 Rg7 71. Re8+ 1-0

[Event "7° Rencontres Internationales des Echecs Francophones"]
[Site "PARIS, France"]
[Date "2019.08.10"]
[Round "6.6"]
[White "Le Roux, Jean-Pierre"]
[Black "Ralison, Milanto Harifidy"]
[Result "1-0"]
[TimeControl "90'+30' + 30seconds/move"]
[WhiteElo "2535"]
[BlackElo "2277"]

1. d4 Nf6 2. Nf3 g6 3. Nbd2 d5 4. e3 Bg7 5. b4 a5 6. b5 c5 7. bxc6 bxc6 8. Ba3 O-O 9. Be2 Ba6 10. O-O Re8 11. Rb1 Bc8 12.
c4 Ba6 13. Qa4 dxc4 14. Bxc4 Nd5 15. Rfc1 Nb6 16. Qc2 Nxc4 17. Nxc4 Nd7 18. h3 Bb5 19. Nfd2 a4 20. Ne4 h6 21. Ncd2 Nb6 22. Nc3 Ba6 23.
Bc5 Nd5 24. Nxa4 Bb5 25. Nb6 Nxb6 26. Bxb6 Qd5 27. Qb3 Qh5 28. Bc5 e5 29. dxe5 Bxe5 30. Nf3 Bg7 31. Bd4 Bf8 32. Qc2 Qd5 33. Ba1 Bg7 34. Bxg7 Kxg7 35. Rb2 Red8 36. Nd4 Ba4 37. Qc3 Kh7 38. a3 Rdc8 39. Qc5 Qd7 40. Rcb1 Rc7 41. Rb4 Rca7 42. Rb6 Ra5 43. Qc3 c5 44. Nf3 Rb5 45. R6xb5 Bxb5 46. Ne5 Qe8 47. Ng4 1-0

[Event "7° Rencontres Internationales des Echecs Francophones"]
[Site "PARIS, France"]
[Date "2019.08.10"]
[Round "6.2"]
[White "Ider, Borya"]
[Black "Moussard, Jules"]
[Result "0-1"]
[TimeControl "90'+30' + 30seconds/move"]
[WhiteElo "2492"]
[BlackElo "2613"]

1. Nh3 Nh6 2. Na3 Na6 3. b3 b6 4. Bb2 Bb7 5. Nf4 Nf5 6. Nc4 d6 7. d4 e6 8. e3 Be7 9. Bd3 Nh4 10. d5 e5 11.
Qg4 O-O 12. e4 g6 13. Ne2 Nc5 14. Ne3 Nxd3+ 15. cxd3 f5 16. exf5 Nxf5 17. Nxf5 Rxf5 18. Qc4 Qd7 19. Rc1 Rc8 20. O-O b5 21. Qg4 Bf8 22. Nc3 Rf7 23. Qxd7 Rxd7 24. Nxb5 Bxd5 25. Rc2 a6 26. Nc3 Bb7 27. Ne4 Bg7 28. Rfc1 Kf7 29. Ba3 Bf8 30. Bb4 c5 31. Bc3 h6 32. Rf1 g5 33. h4 Kg6 34. hxg5 hxg5 35. Re2 Rh7 36. Ng3 Be7 37. f3 Rh4 38.
Kf2 Rf8 39. Ne4 g4 40. Rg1 Rh7 41. Ke1 Bc8 42. fxg4 0-1

[Event "7° Rencontres Internationales des Echecs Francophones"]
[Site "PARIS, France"]
[Date "2019.08.10"]
[Round "6.8"]
[White "Shchekachev, Andrei"]
[Black "Mouhamad, Joachin"]
[Result "1-0"]
[TimeControl "90'+30' + 30seconds/move"]
[WhiteElo "2446"]
[BlackElo "2227"]

1. Nf3 c5 2. e3 g6 3. c4 Bg7 4. Be2 Nf6 5. O-O O-O 6. b3 Ne4 7. d4 cxd4 8. Nxd4 d5 9. Bf3 Nf6 10.
cxd5 Nxd5 11. Bb2 Re8 12. Nd2 e5 13. Bxd5 Qxd5 14. e4 Qd8 15. Ne2 Nc6 16. Nc4 Nd4 17. Nxd4 exd4 18. Qd3 f5 19.
f3 fxe4 20. fxe4 Qe7 21. Rae1 Be6 22. e5 Bd5 23. Qxd4 Bc6 24. Nd6 Rad8 25. Qc4+ Kh8 1-0

[Event "7° Rencontres Internationales des Echecs Francophones"]
[Site "PARIS, France"]
[Date "2019.08.10"]
[Round "6.10"]
[White "Dardha, Daniel"]
[Black "Meftahi, Houssem"]
[Result "1-0"]
[TimeControl "90'+30' + 30seconds/move"]
[WhiteElo "2390"]
[BlackElo "2128"]

1. c4 e6 2. d4 d5 3. Nc3 c6 4.
cxd5 exd5 5. Qc2 Nf6 6. Bg5 Be7 7. e3 Nbd7 8. Bd3 Nh5 9. Bxe7 Qxe7 10. Nge2 g6 11. O-O O-O 12. Rae1 Ndf6 13. Qc1 Ng7 14. f3 Bf5 15.
e4 dxe4 16. fxe4 Be6 17. Qf4 Nd7 18. Kh1 Nb6 19. e5 Bd5 20. Ng3 Ne6 21. Qf2 Qh4 22. Nce4 Bxe4 23. Rxe4 Qe7 24. Rg4 Ng7 25. Ne4 Nd5 26. Nf6+ Kh8 27. Rh4 Nh5 28. Rxh5 gxh5 29. Qf5 1-0

[Event "7° Rencontres Internationales des Echecs Francophones"]
[Site "PARIS, France"]
[Date "2019.08.10"]
[Round "6.3"]
[White "Sebag, Marie"]
[Black "Aloma Vidal, Robert"]
[Result "1/2-1/2"]
[TimeControl "90'+30' + 30seconds/move"]
[WhiteElo "2494"]
[BlackElo "2417"]

1. e4 c6 2. d4 d5 3. exd5 cxd5 4. c3 Nc6 5. Bd3 e5 6. dxe5 Nxe5 7. Nf3 Nxd3+ 8. Qxd3 Nf6 9. O-O Be7 10. Bg5 O-O 11. Nbd2 Bg4 12. Ne5 Be6 13. Rfe1 Re8 14. Nb3 Qb6 15. Be3 Qc7 16. Nf3 Bg4 17.
Nfd4 a6 18. f3 Bd7 19. Nf5 Bf8 20. Bf2 Rxe1+ 21. Rxe1 Re8 22. Rxe8 Bxe8 23. Ne3 Bd6 24. g3 Bb5 25. Qd2 Bc6 26. Nf5 Bf8 27. Qg5 Kh8 28. Bd4 Qd8 29.
Bxf6 gxf6 30. Qf4 Bd7 31. Nbd4 Be6 32. Kg2 a5 33. Ne3 Bd6 34. Qh4 Be5 35. Nef5 Qg8 36. f4 Bxd4 37. Nxd4 Qg6 38.
Kf2 Kg7 39. f5 Bxf5 40. Qf4 Be4 41. Qc7 Qh5 42. h4 Qg4 43.
Qf4 Qh3 44. Ke3 Qg2 45. Qg4+ Kf8 46. Qc8+ Kg7 47. Qg4+ Kf8 48. Qc8+ Kg7 49. Qg4+
1/2-1/2



[ePGN "0.1;DGT LiveChess/2.2.4"]

[Event "7° Rencontres Internationales des Echecs Francophones"]
[Site "PARIS, France"]
[Date "2019.08.10"]
[Round "7.5"]
[White "Rakotomaharo, Fy Antenaina"]
[Black "Sebag, Marie"]
[Result "1-0"]
[TimeControl "90'+30' + 30seconds/move"]
[WhiteElo "2364"]
[BlackElo "2494"]

1. e4 c5 2. Nf3 d6 3. d4 cxd4 4. Nxd4 Nf6 5. Nc3 a6 6. h4 e5 7. Nb3 Be6 8. f4 b5 9. f5 Bc8 10. Bg5 Nbd7 11. a4 b4 12. Nd5 Bb7 13. Bc4 Rc8 14. Qd3 Be7 15. Bxf6 Nxf6 16. O-O-O Nxd5 17.
Bxd5 Bxd5 18. Qxd5 Qc7 19. Rd2 Qc4 20. g3 Qxd5 21. Rxd5 Rc4 22. Re1 Kd7 23. Nd2 Rc6 24. b3 Rc3 25.
Nc4 Rxg3 26. Nxe5+ Kc7 27. Red1 f6 28.
Nc4 Rd8 29. h5 Rh3 30. Rg1 Bf8 31.
Rd4 Rxh5 32. Ne3 Re8 33.
Nd5+ Kc8 34. Rxb4 Rh4 35. Rg3 Kd7 36. Rb7+ 1-0

[Event "7° Rencontres Internationales des Echecs Francophones"]
[Site "PARIS, France"]
[Date "2019.08.10"]
[Round "7.10"]
[White "Huynh, Laurent"]
[Black "Prie, Eric"]
[Result "1-0"]
[TimeControl "90'+30' + 30seconds/move"]
[WhiteElo "2135"]
[BlackElo "2439"]

1. d4 Nf6 2. Nf3 c5 3.
e3 g6 4.
Be2 Bg7 5. O-O O-O 6. Nbd2 b6 7. b3 Bb7 8. Bb2 Nc6 9. c4 cxd4 10. exd4 d5 11. Rc1 Rc8 12. Re1 Re8 13. a3 e6 14. Bf1 Ne7 15. c5 Ne4 16. Ne5 bxc5 17.
Nxe4 dxe4 18. Bb5 Rf8 19. dxc5 Bd5 20. Bd4 Qc7 21. Ng4 e5 22. Bb2 Bc6 23. Bxc6 Nxc6 24. Qd5 Kh8 25. Ne3 f5 26.
Nc4 Nd4 27. Nd6 Rcd8 28. b4 Qe7 29. Kh1 h5 30. a4 Kh7 31. b5 Qh4 32. Rf1 Ne2 33. Rc2 Nf4 34. Qd1 Qg5 35. f3 e3 36.
g3 Nh3 37. Qe2 f4 38. Qg2 Nf2+ 39. Rcxf2 exf2 40. Ne4 Qf5 41. g4 hxg4 42. fxg4 f3 43. Qh3+ Kg8 44. gxf5 gxf5 45. Nd6 e4 46. Bxg7 Kxg7 47. Qg3+ Kf6 48. Qxf2 Rg8 49. Qd4+ Ke6 50. Qc4+ Ke5 51. Nf7+ Kf4 52. Nxd8 Rxd8 53. c6 1-0

[Event "7° Rencontres Internationales des Echecs Francophones"]
[Site "PARIS, France"]
[Date "2019.08.10"]
[Round "7.3"]
[White "Aloma Vidal, Robert"]
[Black "Le Roux, Jean-Pierre"]
[Result "0-1"]
[TimeControl "90'+30' + 30seconds/move"]
[WhiteElo "2417"]
[BlackElo "2535"]

1. d4 g6 2. Nf3 Bg7 3. g3 c5 4. c3 cxd4 5. cxd4 Nf6 6.
Bg2 O-O 7. O-O d6 8. Nc3 Nc6 9.
d5 Na5 10. h3 Bd7 11. Nd4 Qb6 12. b3 Rfc8 13. Qd2 Qb4 14. Bb2 Nxd5 15. Bxd5 Qxd4 16. Qxd4 Bxd4 17. Rfc1 Bxh3 18. e3 Bg7 19. Na4 Bd7 20. Bxg7 Kxg7 21.
Nb2 Bc6 22. Bxc6 Nxc6 23. Nd3 e6 24. Kg2 Ne7 25. Rd1 d5 26.
Rd2 Nf5 27. Ne5 Rc7 28. g4 Nd6 29. Rh1 h6 30. Rd4 Rac8 31. Nf3 Rc2 32. g5 h5 33. a4 Ne4 34. Rf1 Rb2 35. Rb4 b6 36. Nd4 Nxg5 37. a5 h4 38. axb6 axb6 39. Rxb6 h3+ 40. Kg3 Rh8 41. Rb7 Kf6 42. Kh2 Ne4 43. Rc7 Rxf2+ 44. Rxf2+ Nxf2 45. Nf3 Ng4+ 46. Kh1 Nxe3 47. b4 Rb8 48. Rc3 Nc4 49. Rb3 e5 50. b5 Ke7 51. Kh2 Kd6 52.
Ng5 f5 53. Kxh3 d4 54. Kg2 Kd5 55. Kf2 e4 56. Nh3 Kc5 57. Nf4 Rxb5 58. Ne6+ Kb6 59. Ke1 0-1

[Event "7° Rencontres Internationales des Echecs Francophones"]
[Site "PARIS, France"]
[Date "2019.08.10"]
[Round "7.8"]
[White "Bouget, Alexandre"]
[Black "Vedmediuc, Serghei"]
[Result "1-0"]
[TimeControl "90'+30' + 30seconds/move"]
[WhiteElo "2203"]
[BlackElo "2469"]

1. d4 Nf6 2. c4 g6 3.
Nc3 Bg7 4. e4 d6 5. Be2 O-O 6. Nf3 c5 7. d5 e6 8. O-O exd5 9. exd5 Re8 10.
h3 Ne4 11. Nxe4 Rxe4 12. Bd3 Re8 13. Qc2 Na6 14. a3 Nc7 15. Bg5 Bf6 16. Bf4 b5 17. Rae1 Rxe1 18. Rxe1 bxc4 19. Bxc4 Rb8 20. Qa4 Bb7 21. Rd1 a6 22.
b4 cxb4 23. axb4 Bc8 24. Qa5 Nb5 25.
Qxd8+ Bxd8 26. Bxb5 Rxb5 27.
Bxd6 Bb7 28. Bc5 Bf6 29. Nd4 Bxd4 30. Rxd4 Bc8 31. Re4 Bd7 32. Re7 Rb7 33. f4 h5 34. Kf2 Kg7 35. g4 hxg4 36. hxg4 Kf6 37. g5+ Kg7 38. Ke3 Kg8 39. Kd4 Kg7 40.
Ke5 Kg8 41. Ke4 1-0

[Event "7° Rencontres Internationales des Echecs Francophones"]
[Site "PARIS, France"]
[Date "2019.08.10"]
[Round "7.9"]
[White "Sochacki, Christophe"]
[Black "Le Quang, Kim"]
[Result "1-0"]
[TimeControl "90'+30' + 30seconds/move"]
[WhiteElo "2443"]
[BlackElo "2150"]

1. f4 d5 2. Nf3 g6 3. g3 Bg7 4. Bg2 c5 5. O-O Nc6 6. d3 Nf6 7. Qe1 d4 8.
c3 O-O 9. Na3 Rb8 10. Nc4 b6 11. Nxd4 Nxd4 12. cxd4 cxd4 13. Ne5 Qd6 14. f5 Nd5 15. Nc4 Qd8 16. fxg6 hxg6 17. Bg5 Bb7 18. Rc1 Qd7 19. Qf2 Rbc8 20.
h4 Ba8 21. Kh2 Nf6 22. Bxf6 Bxf6 23. Bh3 Qd5 24. Bxc8 Rxc8 25. Nxb6 axb6 26. Rxc8+ Kg7 27. Qf3 Qxf3 28. exf3 Bb7 29. Rb8 Ba6 30. Rd1 b5 31. Rb6 Bc8 32. Rxb5 Bd7 33. Rc5 Be6 34.
b4 Bxa2 35. b5 e6 36. b6 Be7 37.
b7 Bd6 38. Rc8 1-0

[Event "7° Rencontres Internationales des Echecs Francophones"]
[Site "PARIS, France"]
[Date "2019.08.10"]
[Round "7.1"]
[White "Moussard, Jules"]
[Black "Gurevich, Mikhail"]
[Result "1/2-1/2"]
[TimeControl "90'+30' + 30seconds/move"]
[WhiteElo "2613"]
[BlackElo "2559"]

1. e4 d6 2. d4 Nf6 3.
Nc3 g6 4. f4 Bg7 5. Nf3 c5 6. Bb5+ Bd7 7. e5 Ng4 8. e6 Bxb5 9. exf7+ Kf8 10.
Nxb5 Qa5+ 11. Nc3 cxd4 12. Nxd4 Kxf7 13. Qxg4 Bxd4 14. Bd2 Qf5 15. Qe2 Qe6 16. Ne4 h6 17. c3 d5 18. cxd4 Qxe4 19. Qxe4 dxe4 20. Rc1 Rd8 21. f5 Nc6 22. Rf1 Nxd4 23.
fxg6+ Kxg6 24. Rf4 Rd6 25. Rxe4 Re6 26. Rxe6+ Nxe6 27. Rc4 h5 28. Be3 a6 29. a4 Rd8 30. Ke2 Rd5 31. b4 Kf7 32. Rc8 Rd8 33. Rc4 b5 34. axb5 axb5 35. Re4 Rd5 36.
h3 Rf5 37. g4 hxg4 38. Rxg4 Re5 39. Kd3 Rd5+ 40. Ke4 Rd1 41. h4 Rb1 42. Kd3 Rh1 43. Ke4 Re1 44. h5 Rh1 45.
h6 Rh3 46. Rg1 Rh4+ 47. Kd5 Nf4+ 48. Kc6 Rxh6+ 49. Kxb5 Rh5+ 50. Ka6 Nd5 51. Bc5 Rh6+ 52. Kb7 Nxb4 53. Bxb4 Re6 54. Kc7 Re4 55. Rf1 Ke8 56. Bc5 Re2 57. Kc6 Re6+ 58. Kd5 Re2 59. Bd4 Ra2 60. Re1 Rd2 61. Ra1 Kf7 62. Rf1+ Ke8 63. Rf4 Rd1 64. Ke6 Re1+ 65. Be5 Rb1 66. Ra4 Rb6+ 67. Kd5 Kf7 68. Bd4 Rd6+ 69. Ke5 Re6+ 70. Kf5 Rd6 71. Ke4 Re6+ 72. Be5 Rc6 73. Kd5 Rc1 74. Rh4 Rd1+ 75. Bd4 Re1 76. Rh7+ Ke8 77. Bc3 Re2 78. Be5 Kd7 79. Rh8 Rd2+ 80. Bd4 Re2 81. Bb6 Rd2+ 82. Ke4 Rb2 83. Rd8+ Ke6 84. Bd4 Rb1 85. Bc3 Rb7 86. Rh8 Rc7 87. Rh6+ Kd7 88. Bd4 Rc6 89. Rh7 Re6+ 90. Kf5 Rd6 91. Bg7 Ke8 92. Bh6 Rf6+ 93. Kg5 Ra6 94. Kh5 Re6 95. Bg5 Kd7 96. Rh8 Kc7 97. Kg4 Kd7 98. Kf5 Ra6 99. Be3 Rf6+ 100. Ke5 Re6+ 101. Kd4 Rd6+ 102. Kc4 Re6 103. Bc5 Re4+ 104. Kb5 Re1 105. Ka6 Ra1+ 106. Kb7 Rb1+ 107. Bb6 Rc1 108. Rd8 Ke6 109. Bc7 Rc2 110. Kc8 Kf7 111. Rd3 Ke8 112. Rh3 Rd2 113. Rh8 Kf7 114. Ba5 Rd4 115. Bd8 Rc4+ 116. Kd7 Rd4+ 117. Kc6 Re4 118. Kd5 Re1 119. Kc6 Rc1+ 120. Kd7 Rd1+ 121. Kc8 Re1 122. Rh7+ Ke8 123. Rxe7 Rxe7 124. Bxe7 Kxe7 1/2-1/2

[Event "7° Rencontres Internationales des Echecs Francophones"]
[Site "PARIS, France"]
[Date "2019.08.10"]
[Round "7.2"]
[White "David, Alberto"]
[Black "Flom, Gabriel"]
[Result "1/2-1/2"]
[TimeControl "90'+30' + 30seconds/move"]
[WhiteElo "2554"]
[BlackElo "2355"]

1. e4 e6 2. d3 d5 3. Qe2 Nc6 4. Nf3 Nf6 5. e5 Nd7 6. g3 f6 7. exf6 Qxf6 8. Bg2 Bd6 9. O-O O-O 10. c4 Nde5 11. Nbd2 Nxf3+ 12. Nxf3 Bd7 13. Bg5 Qg6 14. Be3 Rae8 15. c5 Be5 16. Rad1 Bf6 17. d4 Ne7 18. Bf4 c6 19. Ne5 Bxe5 20.
Bxe5 Nf5 21. Rfe1 Nh6 22. Bf3 Rf5 23. Bg2 Nf7 24. f4 Nxe5 25. dxe5 h5 26. Be4 dxe4 27. Rxd7 Rxf4 28. Rxb7 h4 29. Rb3 Ref8 30. Re3 Rf2 31.
Qxf2 Rxf2 32. Kxf2 hxg3+ 33. hxg3 Qf5+ 34. Kg2 Qxe5 35. R1e2 Qd5 36. Rxe4 Qxa2 37. Rxe6 Qd5+ 38. Kh2 Qh5+ 39. Kg2 Qd5+ 40. Kh2 Qh5+ 41. Kg2 1/2-1/2

[Event "7° Rencontres Internationales des Echecs Francophones"]
[Site "PARIS, France"]
[Date "2019.08.10"]
[Round "7.6"]
[White "Vuilleumier, Alexandre"]
[Black "Ider, Borya"]
[Result "0-1"]
[TimeControl "90'+30' + 30seconds/move"]
[WhiteElo "2324"]
[BlackElo "2492"]

1. Nf3 e6 2. d4 Nf6 3. Bf4 d5 4.
e3 Bd6 5. Bg3 Nbd7 6. Bd3 Qe7 7. O-O e5 8. dxe5 Nxe5 9. Nxe5 Bxe5 10. Qc1 O-O 11. c4 dxc4 12. Bxc4 Bf5 13. Nc3 c6 14.
e4 Bg6 15. Qe3 Rfe8 16. Rfe1 Ng4 17. Qf3 Bxg3 18. Qxg3 Ne5 19. Bb3 Rad8 20. Rad1 Bh5 21. f3 Qc5+ 22. Kf1 Nd3 23. Na4 Qb4 24. Re2 b5 25. Nc3 Nxb2 26.
Rxb2 Qxc3 27. Rbb1 c5 28. Rbc1 Rxd1+ 29. Rxd1 c4 30. Qh4 cxb3 31. Rd8 f6 0-1

[Event "7° Rencontres Internationales des Echecs Francophones"]
[Site "PARIS, France"]
[Date "2019.08.10"]
[Round "7.7"]
[White "Chabanon, Jean-Luc"]
[Black "Dardha, Daniel"]
[Result "0-1"]
[TimeControl "90'+30' + 30seconds/move"]
[WhiteElo "2448"]
[BlackElo "2390"]

1. d4 Nf6 2. c4 c5 3. d5 e6 4. Nc3 exd5 5. cxd5 d6 6. Nf3 g6 7. Bf4 a6 8. a4 Bg7 9. h3 O-O 10. e3 Nh5 11. Bh2 f5 12.
Nd2 f4 13. e4 Nd7 14. Be2 Ne5 15. Nf3 Nxf3+ 16. Bxf3 Qg5 17. Qd2 Be5 18. g4 Ng7 19. Ne2 Bd7 20. Ra2 b5 21. axb5 axb5 22. Rxa8 Rxa8 23. O-O h5 24. Bxf4 Bxf4 25. Qxf4 Qxf4 26. Nxf4 Rf8 27. Nxg6 Rxf3 28. e5 Be8 29. Ne7+ Kf8 30. exd6 Rf6 31. Nc8 hxg4 32. hxg4 Bd7 33. Nb6 Bxg4 34. Rc1 Rxd6 35. Na8 Rxd5 36. Nc7 Rg5 37. Kh2 b4 38. Kg3 Bh5+ 39. Kh4 Rg4+ 40.
Kh3 Rg5 41. Kh4 Rf5 42. Na6 Rxf2 43. Nxc5 Rxb2 44. Rf1+ Bf7 45.
Nd7+ Ke7 46. Ne5 Be6 47. Rf4 Nf5+ 48. Kg5 b3 49. Ng6+ Kd6 50. Rb4 Kc5 51. Rb8 Nd6 52. Nf4 Bc4 53. Kf6 Nb5 54. Rc8+ Kb4 55. Ke5 Rd2 56.
Rh8 b2 57. Rh1 Nc3 0-1

[Event "7° Rencontres Internationales des Echecs Francophones"]
[Site "PARIS, France"]
[Date "2019.08.10"]
[Round "7.4"]
[White "Hamdouchi, Hicham"]
[Black "Shchekachev, Andrei"]
[Result "0-1"]
[TimeControl "90'+30' + 30seconds/move"]
[WhiteElo "2514"]
[BlackElo "2446"]

1. e4 Nc6 2. Nf3 d6 3. d4 Nf6 4.
Nc3 g6 5. Bb5 a6 6. Bxc6+ bxc6 7. Bf4 Bg7 8. O-O O-O 9.
h3 Nd7 10. Qd2 Re8 11. Rad1 Bb7 12. Rfe1 c5 13. Bh6 cxd4 14. Bxg7 Kxg7 15. Qxd4+ e5 16. Qe3 Nc5 17. Nh2 Ne6 18.
Nd5 Bxd5 19. exd5 Nf4 20. Nf3 Qb8 21. g3 Nh5 22. b3 Nf6 23. Ng5 h6 24. Ne4 Nxe4 25. Qxe4 a5 26. a4 f5 27.
Qc4 Qb6 28. Kg2 Re7 29. Qc3 Rae8 30. Re3 Kf7 31. Qd2 g5 32. Rc3 Qb4 33. Rc6 Qxd2 34. Rxd2 Ra8 35. Rd3 e4 36. Rdc3 Ra7 37. R3c4 Kf6 38. Kf1 Ke5 39. Ke2 Kxd5 40. Ke3 Ke6 41. g4 Ke5 42. gxf5 Kxf5 43. Rd4 Re5 44. Rcc4 d5 45.
Rc6 Ra8 46. Rxc7 Rf8 47. Rc5 Ke6 48.
Rc6+ Kd7 49. Rxh6 Rf3+ 50. Ke2 Ref5 51. Ke1 Rc3 52. Kd2 Rcf3 53. Ke1 Rc3 54. Kd2 Rc5 55. c4 Rxf2+ 56. Ke1 Rb2 57. Rxd5+ Rxd5 58. cxd5 Rxb3 59. Ra6 Rxh3 60. Rxa5 Kd6 61. Ke2 Ra3 62.
Ra6+ Kxd5 63. Rg6 Kd4 64.
Rxg5 Ra2+ 65. Ke1 Kd3 66. a5 Ra1+ 67.
Kf2 e3+ 68. Kf3 Rf1 69. Kg2 e2 0-1



[ePGN "0.1;DGT LiveChess/2.2.4"]

[Event "7° Rencontres Internationales des Echecs Francophones"]
[Site "PARIS, France"]
[Date "2019.08.10"]
[Round "8.6"]
[White "Bouget, Alexandre"]
[Black "Sochacki, Christophe"]
[Result "0-1"]
[TimeControl "90'+30' + 30seconds/move"]
[WhiteElo "2203"]
[BlackElo "2443"]

1. d4 Nc6 2. Nf3 d6 3. c4 e5 4. d5 Nce7 5. Nc3 g6 6. h4 h6 7. h5 g5 8. e4 Bg7 9. Nd2 Nf6 10.
f3 g4 11. Be2 c6 12. fxg4 Qb6 13. Nf1 cxd5 14. cxd5 Bd7 15. Ne3 Qd4 16. Nc4 O-O 17. Be3 Qxd1+ 18. Rxd1 Nxg4 19. Bxg4 Bxg4 20. Rd2 Rfd8 21. Rh4 f5 22.
Nb5 Bf6 23. Rh2 f4 24. Bf2 Rac8 25. Bh4 Bxh4+ 26. Rxh4 Rxc4 27. Rxg4+ Kf7 28. Re2 a6 29. Nc3 b5 30. a3 Rg8 31. Rxg8 Nxg8 32. g3 fxg3 33. Rg2 Nf6 34. Rxg3 Nxe4 35. Rg6 Nf6 36. Rxh6 Rh4 37. Kd2 Rh2+ 38. Kc1 e4 39. Rg6 Rxh5 40. Rg2 Re5 41. Rf2 Kg6 42. Rg2+ Kf5 43. Rf2+ Kg5 44. Re2 e3 45. Kc2 Kf4 46.
Re1 Nxd5 47. Rf1+ Kg4 48. Re1 0-1

[Event "7° Rencontres Internationales des Echecs Francophones"]
[Site "PARIS, France"]
[Date "2019.08.10"]
[Round "8.10"]
[White "Saglier, Paul"]
[Black "Aloma Vidal, Robert"]
[Result "0-1"]
[TimeControl "90'+30' + 30seconds/move"]
[WhiteElo "2194"]
[BlackElo "2417"]

1. e4 c6 2. Nf3 d5 3. d3 g6 4. Nc3 Bg7 5. Be2 e5 6.
O-O Ne7 7. a4 O-O 8. a5 h6 9. Re1 f5 10. exd5 cxd5 11. a6 Nxa6 12. d4 e4 13. Ne5 Nc7 14. b3 f4 15. Ba3 Rf5 16. Bg4 Rg5 17. Bxc8 Rxc8 18. Qd2 f3 19. g3 Nf5 20. Rad1 Nxd4 21.
Qxd4 Bxe5 22. Qe3 Bxc3 23. Qxc3 Nb5 24. Qb4 Nxa3 25. Qxa3 Qd7 26. Kh1 Qh3 0-1

[Event "7° Rencontres Internationales des Echecs Francophones"]
[Site "PARIS, France"]
[Date "2019.08.10"]
[Round "8.8"]
[White "Delorme, Alban"]
[Black "Hamdouchi, Hicham"]
[Result "0-1"]
[TimeControl "90'+30' + 30seconds/move"]
[WhiteElo "2227"]
[BlackElo "2514"]

1. d4 d6 2. Nf3 g6 3. g3 Bg7 4. Bg2 Nf6 5. O-O O-O 6. a4 a5 7. Re1 Nbd7 8. e4 e5 9. Nc3 c6 10. h3 Re8 11. Be3 exd4 12.
Nxd4 Nc5 13. Bf4 Nh5 14. Be3 Qc7 15.
Qd2 Bd7 16. Rad1 Rad8 17. Bg5 Bf6 18. Nf5 Bxf5 19. exf5 d5 20. Bf3 Bxg5 21. Qxg5 Ng7 22. f6 Nge6 23. Qh6 Qd6 24. b3 Qf8 25.
Qd2 Nd7 26. Ne2 Qc5 27. Nf4 Nxf6 28. Nxe6 fxe6 29. Qg5 Kg7 30. g4 Qxc2 31. Qe5 Kf7 32. Re3 Qc5 33. Qf4 Kg7 34. Qe5 Qd6 35. Qc3 e5 36. Qxa5 e4 37. Bg2 Qf4 38. Qd2 d4 39.
Ree1 e3 40. fxe3 dxe3 41. Qe2 Rd2 42.
Qf3 0-1

[Event "7° Rencontres Internationales des Echecs Francophones"]
[Site "PARIS, France"]
[Date "2019.08.10"]
[Round "8.9"]
[White "Metral, Jean-Paul"]
[Black "Chabanon, Jean-Luc"]
[Result "0-1"]
[TimeControl "90'+30' + 30seconds/move"]
[WhiteElo "2161"]
[BlackElo "2448"]

1. d4 Nf6 2. Nf3 g6 3. Bf4 Bg7 4. c3 O-O 5. h4 d6 6. Nbd2 Nbd7 7. e4 Nh5 8. Bg5 h6 9. Be3 e5 10.
Bc4 Qe7 11. Qc2 c6 12. O-O-O b5 13. Bb3 Bb7 14. g4 Nf4 15. Bxf4 exf4 16. Rdg1 c5 17. a3 c4 18. Ba2 d5 19. e5 Rfb8 20. h5 g5 21. Bb1 Nf8 22.
Nxg5 hxg5 23. h6 Bxe5 24.
dxe5 d4 25. Qf5 Bc8 26. Qe4 dxc3 27. Nf3 cxb2+ 28. Kxb2 b4 29. a4 c3+ 30. Kc1 Bb7 31. Qe2 b3 32. Rh5 Qa3+ 33. Kd1 Rd8+ 34. Ke1 Qc1+ 0-1

[Event "7° Rencontres Internationales des Echecs Francophones"]
[Site "PARIS, France"]
[Date "2019.08.10"]
[Round "8.2"]
[White "Dardha, Daniel"]
[Black "Moussard, Jules"]
[Result "1-0"]
[TimeControl "90'+30' + 30seconds/move"]
[WhiteElo "2390"]
[BlackElo "2613"]

1. Nf3 d6 2. d4 f5 3. c4 Nf6 4.
Nc3 g6 5. g3 Bg7 6. Bg2 O-O 7. O-O c6 8. Bf4 Nh5 9. Bg5 h6 10. Bd2 e5 11. dxe5 dxe5 12. e4 f4 13. Na4 Qe7 14.
Qb3 Na6 15. Bc3 Kh7 16. Qa3 Qxa3 17. bxa3 Re8 18. Rab1 b6 19. Rfd1 Bg4 20. Rd6 Rac8 21. Nh4 Be6 22. Rbd1 Rc7 23. Bf1 Nb8 24. c5 b5 25. Nb2 fxg3 26.
hxg3 Bf7 27. Nd3 Na6 28. Nf3 Bxa2 29. Bxe5 Bxe5 30. Ndxe5 Nxc5 31. Rxc6 Rxc6 32. Nxc6 Rxe4 33. Nxa7 b4 34. axb4 Rxb4 35. Nc6 Rb6 36.
Nce5 Nf6 37. Rc1 Nfe4 38. Nd3 Ne6 39. Ra1 Bd5 40. Ra7+ Rb7 41. Ra5 Nc3 42. Nfe5 Nd4 43. Nf4 Be4 44. Rc5 g5 45. Rxc3 gxf4 46. Rc4 Re7 47. Rxd4 Bf5 48. gxf4 Kg7 49. Bg2 Ra7 50.
Kh2 Ra2 51. Kg3 Ra3+ 52. Bf3 Ra1 53.
Be4 Bc8 54. Rc4 Be6 55. Rc7+ Kf6 56. Ng4+ Bxg4 57. Kxg4 Rg1+ 58. Kf3 Rh1 59. Rc6+ Kg7 60. f5 Rd1 61. Kf4 Rd2 62.
Ke5 h5 63. Rc7+ Kh6 64. f6 h4 65. Rh7+ Kg5 66. f7 Rxf2 67. Bd5 Rf5+ 68. Ke6 Rf4 69. Rh8 Rf6+ 70. Ke7 h3 71. Rxh3 Rf4 72. f8=Q Kg4 73.
Rh4+ 1-0